cohdb
Replays
Latest Replays
All Replays
Popular Replays
Top Player Replays
Match Explorer
How It Works
Community
CoH3 Stats
Reddit
Sign in to upload your games and track your stats! →
Sign in with Steam
Match 38270324
Unlisted
Match 38270324
Overview
Messages
Build Orders
End
Construct Weapon Support Center
Selects Armored Battlegroup
Engineer Squad
Engineer Squad
Selects Assault Engineers
M1919 Machine Gun Team
Assault Engineer Squad
Bazooka Squad
Air Support Center
Construct Motor Pool
Assault Engineer Squad
M8 Greyhound Armored Car
Bazooka Squad
Selects Strength in Steel
Selects Seek and Destroy
Selects UNKNOWN (2160077)
Construct Tank Depot
M1919 Machine Gun Team
Selects M31 Recovery Vehicle
M31 Recovery Vehicle
M4A3E8 Sherman Easy Eight
P-47 Dive Bomb
Double Sortie
P-47 Dive Bomb
M31 Recovery Vehicle
Selects War Machine
M4A3E8 Sherman Easy Eight
M31 Recovery Vehicle
Improved M9 Bazooka Rockets
M4A3E8 Sherman Easy Eight
M4A3E8 Sherman Easy Eight
A1
Lord Panther
Gazzoman
gzilla
RECACE
Mael Radec
专业揍老外
Cloaksville
0
0
Comments
sign in to comment!
No comments posted yet!